 Dungeon Crawl Stone Soup version 0.15-b1-58-g4898494 (webtiles) character file.

119 Sachiko the Ruffian (level 4, 0/41 HPs)
             Began as a Minotaur Monk on Aug 11, 2014.
             Was a Believer of Qazlal.
             Slain by an orc wizard
             ... wielding a +0 dagger
              (1 damage)
             ... on Level 3 of the Dungeon.
             The game lasted 00:08:34 (1868 turns).

Sachiko the Ruffian (Minotaur Monk)                 Turns: 1868, Time: 00:08:34

HP   0/41        AC  6     Str 17      XL: 4   Next: 74%
MP   2/2         EV  8     Int 12      God: Qazlal [**....]
Gold 132         SH  2     Dex 12      Spells:  0 memorised,  3 levels left

rFire  . . .     SeeInvis .       - Unarmed
rCold  . . .     Clarity  .     r - +0 scale mail (curse)
rNeg   . . .     rCorr    .     (no shield)
rPois  .         rRot     .     (helmet restricted)
rElec  .         Spirit   .     (no cloak)
SustAb .         Warding  .     (no gloves)
rMut   .         Stasis   .     (no boots)
Gourm  .                        (no amulet)
MR     .....                    (no ring)
                                t - ring of teleport control

@: brilliant, lethally poisoned, not resistant to hostile enchantments,
extremely unstealthy
A: retaliatory headbutt, horns 2
a: Upheaval, Renounce Religion, Evoke Teleport Control


You were on level 3 of the Dungeon.
You worshipped Qazlal.
Qazlal was pleased with you.
You were not hungry.

You visited 1 branch of the dungeon, and saw 3 of its levels.

You collected 132 gold pieces.

Inventory:

Armour
 e - a +0 leather armour
 r - a cursed +0 scale mail (worn)
 v - a +0 shield
Comestibles
 b - 3 bread rations
 c - a chunk of adder flesh
 f - a slice of pizza
 i - a beef jerky
 j - a meat ration
Scrolls
 d - 2 scrolls of remove curse
 k - a scroll of enchant weapon
Jewellery
 t - a ring of teleport control (left hand)
Potions
 a - 2 potions of poison
 h - a potion of cure mutation {unknown}
 l - a potion of resistance {unknown}
 m - a potion of curing {unknown}
 n - a potion of brilliance
 q - a potion of might {unknown}
 s - a potion of heal wounds {unknown}


   Skills:
 + Level 4.6 Fighting
 + Level 2.0 Armour
 + Level 4.0 Dodging
 - Level 1.5 Stealth
 + Level 5.3 Unarmed Combat


You had 3 spell levels left.
You didn't know any spells.

Dungeon Overview and Level Annotations

Branches:
Dungeon (3/15)

Altars:
Qazlal


Innate Abilities, Weirdness & Mutations

You reflexively headbutt those who attack you in melee.
You have a pair of horns on your head.


Message History

You are lethally poisoned!
It was a potion of poison.
* * * LOW HITPOINT WARNING * * *
You feel sick. Something hits you but does no damage.
The orc hits you but does no damage.
Drink which item? (? for menu, Esc to quit)
You feel clever all of a sudden.
* * * LOW HITPOINT WARNING * * *
You feel sick. You block its attack. The orc hits you with a hand axe.
* * * LOW HITPOINT WARNING * * *
A kobold comes into view. It is wielding a dagger.
Read which item? (? for menu, Esc to quit)
Okay, then.
Drink which item? (? for menu, Esc to quit)
You feel refreshed.
It was a potion of restore abilities.
* * * LOW HITPOINT WARNING * * *
You feel sick.
The kobold shouts!
Something hits you.
You die...

#.# #.# #.. #.. #
#.# .#. #.# ....
#.# .#... #.#
.(.....###@#####.#
#..K...boo)......#
#......###.#####.#
..#######.#####.#..
..................
########.####.....
#...........# ...
.######....#..#
###<....#


You could see 2 orcs, a bat and a kobold.

Vanquished Creatures
  5 adders
  2 worms (D:2)
  2 giant geckos (D:1)
  2 oozes
  2 orcs (D:3)
  A ball python (D:2)
  4 giant cockroaches
  5 goblins
  10 hobgoblins
  3 jackals (D:2)
  5 kobolds
  3 bats
  4 giant newts
  10 rats
58 creatures vanquished.

Notes
Turn   | Place    | Note
--------------------------------------------------------------
     0 | D:1      | Sachiko, the Minotaur Monk, began the quest for the Orb.
     0 | D:1      | Reached XP level 1. HP: 19/19 MP: 1/1
   129 | D:1      | Reached XP level 2. HP: 20/27 MP: 1/1
   688 | D:1      | Reached XP level 3. HP: 31/33 MP: 2/2
  1057 | D:2      | Reached skill level 1 in Armour
  1057 | D:2      | Reached skill level 5 in Unarmed Combat
  1245 | D:2      | Reached XP level 4. HP: 38/41 MP: 2/2
  1595 | D:2      | Found a stormy altar of Qazlal.
  1603 | D:2      | Became a worshipper of Qazlal Stormbringer
  1603 | D:2      | Acquired Qazlal's first power
  1603 | D:2      | Acquired Qazlal's second power
  1867 | D:3      | HP: 2/41 [orc/hand axe (6)]
  1868 | D:3      | Slain by an orc wizard

Action                   |  1- 3 |  4- 6 || total
-------------------------+-------+-------++-------
Melee: Unarmed           |    91 |    67 ||   158
  Use: Scroll            |     4 |       ||     4
       Potion            |       |     3 ||     3
 Stab: Sleeping          |     2 |       ||     2
  Eat: Chunk             |     1 |     2 ||     3
